 Dungeon Crawl Stone Soup version 0.26-a0-1147-g3780a7a11b (webtiles) character file.

Game seed: 11113255255105117797

599 mhtbhm the Chopper (level 7, 0/60 HPs)
             Began as a Minotaur Fighter on Dec 22, 2020.
             Slain by a scorpion (2 damage)
             ... on level 5 of the Dungeon.
             The game lasted 00:03:36 (3838 turns).

mhtbhm the Chopper (Minotaur Fighter)               Turns: 3838, Time: 00:03:37

Health: 0/60       AC: 10    Str: 21 (22) XL:     7   Next: 17%
Magic:  6/6        EV:  8    Int:  5      God:
Gold:   310        SH: 10    Dex: 10      Spells: 6/6 levels left

rFire    . . .     SeeInvis .   a - +0 war axe
rCold    . . .     Faith    .   c - +0 kite shield
rNeg     . . .     Spirit   .   b - +0 scale mail
rPois    .         Reflect  .   (helmet restricted)
rElec    .         Harm     .   (no cloak)
rCorr    .         Rampage  .   q - +0 pair of gloves
Will     .....     Clarity  +   (no boots)
Stlth    ..........             (no amulet)
HPRegen  0.20/turn              u - ring of flight
MPRegen  0.10/turn              (no ring)

@: brilliant, lethally poisoned (0 -> -1)
A: retaliatory headbutt, horns 2, iridescent scales 1, blink, clarity,
deterioration 1
a: Blink, Evoke Flight


You were on level 5 of the Dungeon.
You visited 1 branch of the dungeon, and saw 5 of its levels.

You collected 310 gold pieces.

Inventory:

Hand Weapons
 a - a +0 war axe (weapon)
Missiles
 g - 3 javelins (quivered)
Armour
 b - a +0 scale mail (worn)
 c - a +0 kite shield (worn)
 q - a +0 pair of gloves (worn)
Jewellery
 u - a ring of flight (left hand)
Wands
 r - a wand of flame (14)
 t - a wand of enslavement (12)
Scrolls
 f - a scroll of enchant weapon {unknown}
 i - a scroll of fog
 j - a scroll of magic mapping {unknown}
 k - 3 scrolls of remove curse
 m - a scroll of immolation
 n - a scroll of enchant armour {unknown}
Potions
 d - a potion of might
 p - a potion of degeneration {unknown}
 s - a potion of resistance
 v - a potion of attraction {unknown}


   Skills:
 + Level 4.8 Fighting
 + Level 6.4 Axes
 + Level 5.4 Armour
 + Level 1.9 Dodging
 + Level 0.3 Stealth
 + Level 5.4 Shields


You had 6 spell levels left.
You didn't know any spells.
Your spell library was empty.

Dungeon Overview and Level Annotations

Branches:
Dungeon (5/15)
 Temple: D:4-7

Altars:
Gozag
The Shining One

Shops:
D:4 }


Innate Abilities, Weirdness & Mutations

You reflexively headbutt those who attack you in melee.
You have a pair of horns on your head.
You are partially covered in iridescent scales. (AC +2)
You can translocate small distances at will.
You possess an exceptional clarity of mind.
Your body sometimes deteriorates upon taking damage.


Message History

The worker ant bites you but does no damage.
It was a potion of heal wounds.
You feel much better.
You feel sick. The scorpion completely misses you. You furiously retaliate!
You headbutt the scorpion. The white imp hits you. The white imp freezes you.
You block the worker ant's attack.
The orc priest calls down the wrath of Beogh upon you.
Pain shoots through your body!
You hit the orc priest.
The orc priest is lightly wounded.
You barely miss the white imp. You slash the scorpion! You hit the worker ant.
You kill the worker ant!
The scorpion stings you!
* * * LOW HITPOINT WARNING * * *
You block the white imp's attack.
The orc priest mumbles some strange prayers to Beogh against you.
Pain shoots through your body!
* * * LOW HITPOINT WARNING * * *
Your body deteriorates!
You feel weakened. The scorpion stings you.
You die...

... #....#... ...
#........
..##....#...
?.......... ..
#....?.#..? ...
##.#........
#..#####.$.o)...... .
#.....#...@)......
...#.....#...5s......
.#.#.................
.........#...#.......
#...........#.......
#.......##..........
#.##.#.###..........
##.##.#........##....
#..................#


You could see a scorpion, an orc priest and a white imp.

Vanquished Creatures
  A phantom (D:4)
  An ogre (D:4)
  A jelly (D:5)
  A hound (D:4)
  A bullfrog skeleton (D:5)
  A centaur skeleton (D:4)
  4 orc priests
  An orc wizard (D:5)
  2 worker ants
  A hound skeleton (D:4)
  5 adders
  A white imp (D:5)
  An ufetubus (D:5)
  A worm (D:3)
  3 dart slugs
  3 leopard geckos
  12 orcs
  3 giant cockroaches
  8 goblins
  7 hobgoblins
  2 quokkas (D:5)
  5 bats
  2 frilled lizards (D:4)
  3 kobolds
  A leopard gecko skeleton (D:5)
  3 rats
74 creatures vanquished.

Notes
Turn   | Place    | Note
-------+----------+-------------------------------------------
     0 | D:1      | mhtbhm the Minotaur Fighter began the quest for the Orb.
     0 | D:1      | Reached XP level 1. HP: 19/19 MP: 0/0
   378 | D:1      | Reached XP level 2. HP: 25/27 MP: 1/1
   817 | D:2      | Reached XP level 3. HP: 17/33 MP: 2/2
  1099 | D:2      | Found an opulent altar of Gozag.
  1638 | D:3      | Reached skill level 3 in Axes
  1638 | D:3      | Reached XP level 4. HP: 24/40 MP: 3/3
  2190 | D:3      | Found a faded altar of an unknown god.
  2380 | D:4      | Found Odwey's Gadget Shoppe.
  2397 | D:4      | Noticed an ogre
  2409 | D:4      | Killed an ogre
  2410 | D:4      | Reached skill level 4 in Axes
  2410 | D:4      | Reached skill level 1 in Dodging
  2410 | D:4      | Reached XP level 5. HP: 8/47 MP: 4/4
  2883 | D:4      | Reached skill level 5 in Armour
  3056 | D:4      | Found a glowing golden altar of the Shining One.
  3129 | D:4      | Noticed a phantom
  3136 | D:4      | Reached skill level 5 in Axes
  3136 | D:4      | Reached XP level 6. HP: 45/53 MP: 5/5
  3156 | D:4      | Reached skill level 5 in Shields
  3445 | D:4      | HP: 1/53 [orc priest/divine providence (15)]
  3786 | D:5      | Entered Level 5 of the Dungeon
  3819 | D:5      | Reached skill level 6 in Axes
  3829 | D:5      | Reached XP level 7. HP: 23/60 MP: 6/6
  3832 | D:5      | HP: 2/60 [worker ant (4)]
  3835 | D:5      | Gained mutation: You can translocate small distances at
                  | will. [potion of mutation]
  3835 | D:5      | Gained mutation: Your body sometimes deteriorates upon
                  | taking damage. [potion of mutation]
  3835 | D:5      | Gained mutation: You are partially covered in iridescent
                  | scales. (AC +2) [potion of mutation]
  3835 | D:5      | Gained mutation: You possess an exceptional clarity of
                  | mind. [potion of mutation]
  3838 | D:5      | HP: 2/60 [orc priest/nerve-wracking pain (9)]
  3838 | D:5      | Slain by a scorpion

Illustrated notes

Levels and vault maps discovered:
D:1:      shiori_shiawase, layout_basic, serial_forest,
          infiniplex_forest_lined_2, infiniplex_forest_lined_2,
          infiniplex_forest_clump_large, infiniplex_forest_lined_3,
          infiniplex_forest_zigzag_1, infiniplex_forest_clump_small
D:2:      layout_rooms, nicolae_gozag_cash_rules_everything_around_me
D:3:      layout_loops_ring, chequers_ecumenical_altar_lobes,
          minmay_misc_feat_cross
D:4:      layout_loops_ring, serial_shops, shop, nicolae_tso_swordbearing_angel
D:5:      layout_rooms, minmay_fire_ice_demons

Skill      XL: |  1  2  3  4  5  6 |
---------------+-------------------+-----
Armour         | 4 5 |  5.4
Shields        | 4 5 |  5.4
Fighting       | 4 |  4.8
Axes           | 3 4 5 6 |  6.4
Dodging        | 1 |  1.9
Stealth        | |  0.3

Action                   |  1- 3 |  4- 6 |  7- 9 || total
-------------------------+-------+-------+-------++-------
Melee: War axe           |   101 |   117 |     5 ||   223
       Headbutt          |    11 |    24 |     1 ||    36
  Use: Potion            |       |     5 |     5 ||    10
       Scroll            |       |     3 |       ||     3
Armor: Chain mail        |    49 |     6 |       ||    55
       Scale mail        |     3 |    21 |     9 ||    33
       Leather armour    |       |     7 |       ||     7
Dodge: Dodged            |    32 |    36 |     3 ||    71
Block: Kite shield       |    51 |    57 |    13 ||   121

Table legend: (Time is in decaauts)
 A = Elapsed time spent in this place.
 B = Non-inter-level travel time spent in this place.
 C = Inter-level travel time spent in this place.
 D = Time resting spent in this place.
 E = Time spent auto-exploring this place.
 F = Levels seen in this place.
 G = Mean time per level.
                   A        B        C        D        E       F      G
               +--------+--------+--------+--------+--------+-----+--------+
         Total |   3922 |   3859 |     63 |    735 |   2458 |   5 |  784.4 |
       Dungeon |   3922 |   3859 |     63 |    735 |   2458 |   5 |  784.4 |
               +--------+--------+--------+--------+--------+-----+--------+

Top non-repeatable levels by time:
     D:4: 1500 daAuts
     D:3: 942 daAuts
     D:1: 802 daAuts
     D:2: 619 daAuts
     D:5: 56 daAuts
